 Dungeon Crawl Stone Soup version 0.21.0-25-ge575cb9 (webtiles) character file.

677 doot the Poker (level 7, -3/59 HPs)
             Began as a Centaur Fighter on Jan 26, 2018.
             Slain by an ogre
             ... wielding a +0 giant club
              (24 damage)
             ... on level 5 of the Dungeon.
             The game lasted 00:06:36 (3380 turns).

doot the Poker (Centaur Fighter)                    Turns: 3380, Time: 00:06:37

Health: -3/59      AC:  6    Str: 21    XL:     7   Next: 33%
Magic:  7/7        EV:  6    Int:  7    God:
Gold:   181        SH:  9    Dex:  8    Spells: 6/6 levels left

rFire    . . .     SeeInvis .   a - +0 trident
rCold    . . .     Gourm    .   c - +0 shield
rNeg     . . .     Faith    .   b - +0 scale mail
rPois    .         Spirit   .   (no helmet)
rElec    .         Reflect  .   (no cloak)
rCorr    .         Harm     .   (no gloves)
MR       .....                  (no barding)
Stlth    ..........             n - amulet of regeneration
HPRegen  0.59/turn              p - ring of flight
MPRegen  0.10/turn              o - ring of wizardry

@: very quick
A: large, hooves 3, deformed body, speed 2, tough skin 3
a: Evoke Flight


You were on level 5 of the Dungeon.
You were hungry.

You visited 1 branch of the dungeon, and saw 5 of its levels.

You collected 181 gold pieces.

Inventory:

Hand Weapons
 a - a +0 trident (weapon)
Missiles
 j - a throwing net (quivered)
Armour
 b - a +0 scale mail (worn)
 c - a +0 shield (worn)
Jewellery
 n - an amulet of regeneration (around neck)
 o - a ring of wizardry (right hand)
 p - a ring of flight (left hand)
Scrolls
 k - 3 scrolls of enchant weapon {unknown}
 l - a scroll of immolation {unknown}
 m - a scroll of magic mapping {unknown}
 q - 3 scrolls of identify {unknown}
 r - 3 scrolls of remove curse
 s - a scroll of noise {unknown}
Potions
 d - a potion of might
 e - 4 potions of curing {unknown}
 g - a potion of agility {unknown}
 h - a potion of heal wounds {unknown}
 i - 2 potions of invisibility {unknown}
 t - a potion of brilliance {unknown}
 v - a potion of mutation {unknown}
 w - 2 potions of flight {unknown}
Comestibles
 f - 11 rations


   Skills:
 + Level 4.2 Fighting
 + Level 4.8 Polearms
 + Level 3.4 Armour
 + Level 1.0 Dodging
 + Level 0.1 Stealth
 + Level 3.5 Shields


You had 6 spell levels left.
You didn't know any spells.

Dungeon Overview and Level Annotations

Branches:
Dungeon (5/15)
 Temple: D:4-7

Altars:


Innate Abilities, Weirdness & Mutations

You have hooves in place of feet.
Armour fits poorly on your strangely shaped body.
You cover ground very quickly.
You have extremely tough skin. (AC +3)


Message History

The centaur is heavily wounded.
The centaur hits you.
The crimson imp blinks!
The centaur hits you.
You puncture the centaur! You kick the centaur.
You kill the centaur!
Your Dodging skill increases to level 1!
You block the crimson imp's attack.
Unknown command.
The crimson imp hits you but does no damage.
There is a stone staircase leading down, spattered with blood here.
Things that are here:
an uncursed shortbow; 20 arrows; a centaur corpse You closely miss the crimson imp.
You block the crimson imp's attack.
You hit the ogre.
The ogre is lightly wounded.
The crimson imp hits you but does no damage.
The ogre hits you with a giant club!
You puncture the ogre! Your kick misses the ogre.
The ogre is heavily wounded.
You block the crimson imp's attack. The ogre hits you with a giant club!!
You die...

#? # #. . #.
#.#. #[#. #...
#####..#######
...........5@#
######.#.###O#
#.#.# #(#
#...# #.#
#...# #.#
######...# #.#
+.)......# #.#
.#######..#
#(#
..........#
#.#


You could see an ogre and a crimson imp.

Vanquished Creatures
  The ghost of doot the Covert, an amateur OpAs (D:3)
  An ogre (D:4)
  A centaur (D:5)
  A howler monkey (D:5)
  A crimson imp (D:3)
  A hound (D:4)
  An orc priest (D:2)
  2 worker ants
  4 adders
  An ooze (D:3)
  3 dart slugs
  2 leopard geckos
  18 orcs
  6 giant cockroaches
  16 goblins
  5 hobgoblins
  A quokka (D:3)
  8 bats
  4 frilled lizards
  9 kobolds
  7 rats
93 creatures vanquished.

Notes
Turn   | Place    | Note
-------+----------+-------------------------------------------
     0 | D:1      | doot the Centaur Fighter began the quest for the Orb.
     0 | D:1      | Reached XP level 1. HP: 19/19 MP: 1/1
   104 | D:1      | Reached XP level 2. HP: 26/26 MP: 2/2
   526 | D:1      | Reached XP level 3. HP: 31/31 MP: 3/3
   892 | D:2      | Reached XP level 4. HP: 38/38 MP: 4/4
  1628 | D:3      | Noticed doot's ghost (amateur OpAs)
  1759 | D:3      | Killed doot's ghost
  1759 | D:3      | Reached XP level 5. HP: 10/46 MP: 5/5
  1759 | D:3      | Reached XP level 6. HP: 11/52 MP: 6/6
  3063 | D:4      | Reached XP level 7. HP: 59/59 MP: 7/7
  3333 | D:5      | Entered Level 5 of the Dungeon
  3376 | D:5      | Reached skill level 1 in Dodging
  3380 | D:5      | Slain by an ogre

Skill      XL: |  1  2  3  4  5  6  7 |
---------------+----------------------+-----
Polearms       | 2 3 4 |  4.8
Armour         | 3 |  3.4
Shields        | 3 |  3.5
Fighting       | 4 |  4.2
Dodging        | 1 |  1.0
Stealth        | |  0.1

Action                   |  1- 3 |  4- 6 |  7- 9 || total
-------------------------+-------+-------+-------++-------
Melee: Trident           |    84 |   229 |    37 ||   350
       Kick              |    10 |    36 |     5 ||    51
  Use: Scroll            |       |     2 |       ||     2
  Eat: Chunk             |       |     6 |       ||     6
Armor: Scale mail        |    24 |   100 |     6 ||   130
Dodge: Dodged            |    16 |    51 |     9 ||    76
Block: Shield            |    26 |   118 |    17 ||   161
